 Dungeon Crawl Stone Soup version 0.18-a0-917-g8a3da5b (webtiles) character file.

41010 dvd the Thaumaturge (level 13, 0/74 HPs)
             Began as a Felid Transmuter on Dec 25, 2015.
             Was the Champion of Sif Muna.
             Slain by a spriggan rider
             ... wielding a +0 spear
              (22 damage)
             ... on level 1 of the Swamp on Dec 26, 2015.
             The game lasted 03:00:13 (28387 turns).

dvd the Thaumaturge (Felid Transmuter)             Turns: 28387, Time: 03:00:13

Health: 0/74       AC:  9    Str: 19    XL:     13   Next: 77%
Magic:  31/40      EV: 18    Int: 20    God:    Sif Muna [******]
Gold:   2335       SH:  8    Dex: 21    Spells: 8 memorised, 5 levels left
                                        Lives:  0   Deaths: 4

rFire  . . .     SeeInvis +       - Unarmed
rCold  . . .     Gourm    .     (armour unavailable)
rNeg   . . .     Faith    .     (shield unavailable)
rPois  +         Spirit   .     (helmet unavailable)
rElec  .         Dismiss  .     (cloak unavailable)
rCorr  .         Reflect  .     (gloves unavailable)
SustAt .         Harm     .     (boots unavailable)
MR     +....                    k - amulet of regeneration
Stlth  +++.......               D - +6 ring of slaying
                                G - ring of the King {MP+9 Str+5 Int+2 Dex+3}

@: hydra-form, icy shield, somewhat resistant to hostile enchantments, fairly
stealthy
A: no armour, no weapons or thrown items, (claws 0), (fangs 0), see invisible,
carnivore 3, (speed 0), (shaggy fur 0), slow metabolism 1, (sharp paws)
a: End Transformation, Channel Energy, Forget Spell, Renounce Religion


You were on level 1 of the Swamp.
You worshipped Sif Muna.
Sif Muna was exalted by your worship.
You were very full.
You were a six-headed hydra.
You visited 5 branches of the dungeon, and saw 26 of its levels.
You also visited: Labyrinth.

You collected 2385 gold pieces.
You spent 50 gold pieces at shops.

Inventory:

Jewellery
 f - a +5 ring of strength
 j - an uncursed ring of teleportation
 k - an amulet of regeneration (around neck)
 w - an uncursed amulet of dismissal
 D - a +6 ring of slaying (right foreclaw)
 E - an uncursed amulet of resist corrosion
 G - the ring of the King (left foreclaw) {MP+9 Str+5 Int+2 Dex+3}
   (You found it in a labyrinth)

   [ring of magical power]

   It affects your strength (+5).
   It affects your intelligence (+2).
   It affects your dexterity (+3).
   It affects your magic capacity (+9).
 H - an uncursed amulet of faith
 J - an uncursed ring of poison resistance
Wands
 r - a wand of cold (14/15)
 s - a wand of draining (4/15)
 x - a wand of disintegration (9/24)
 B - a wand of lightning (1/15)
 F - a wand of draining (4/15)
 L - a wand of fireball (8/15)
 N - a wand of polymorph (2/24)
 P - a wand of slowing (33/48)
 Q - a wand of slowing (5/48)
 T - a wand of disintegration (8/24)
 V - a wand of draining (7/15)
Scrolls
 h - 5 scrolls of identify
 m - 11 scrolls of remove curse
 p - 5 scrolls of teleportation
 t - 2 scrolls of amnesia
 S - a scroll of fear
Potions
 e - 6 potions of curing
 g - a potion of haste
 o - 2 potions of ambrosia
 A - a potion of invisibility
 O - a potion of brilliance
Books
 b - a book of Changes

   Spells                             Type                      Level
   a - Beastly Appendage              Transmutation                1
   b - Sticks to Snakes               Transmutation                2
   c - Spider Form                    Transmutation/Poison         3
   d - Ice Form                       Ice/Transmutation            4
   e - Blade Hands                    Transmutation                5
 i - a book of Summonings

   Spells                             Type                      Level
   a - Recall                         Summoning/Translocation      3
   b - Aura of Abjuration             Summoning                    5
   c - Shadow Creatures               Summoning                    5
   d - Summon Demon                   Summoning                    5
   e - Summon Forest                  Summoning/Translocation      5
   f - Summon Mana Viper              Hexes/Summoning              5
 n - a book of Geomancy

   Spells                             Type                      Level
   a - Sandblast                      Earth                        1
   b - Stoneskin                      Transmutation/Earth          2
   c - Passwall                       Transmutation/Earth          3
   d - Stone Arrow                    Conjuration/Earth            3
   e - Petrify                        Transmutation/Earth          4
   f - Lee's Rapid Deconstruction     Earth                        5
 q - a book of Callings

   Spells                             Type                      Level
   a - Summon Small Mammal            Summoning                    1
   b - Call Imp                       Summoning                    2
   c - Call Canine Familiar           Summoning                    3
   d - Summon Guardian Golem          Hexes/Summoning              3
   e - Summon Lightning Spire         Summoning/Air                4
   f - Summon Ice Beast               Ice/Summoning                4
 u - a book of Burglary

   Spells                             Type                      Level
   a - Swiftness                      Charms/Air                   2
   b - Passwall                       Transmutation/Earth          3
   c - Passage of Golubria            Translocation                4
   d - Lee's Rapid Deconstruction     Earth                        5
   e - Darkness                       Hexes                        6
   f - Invisibility                   Hexes                        6
 v - a book of Alchemy

   Spells                             Type                      Level
   a - Sublimation of Blood           Necromancy                   2
   b - Ignite Poison                  Fire/Transmutation/Poison    3
   c - Alistair's Intoxication        Transmutation/Poison         4
   d - Condensation Shield            Ice                          4
   e - Petrify                        Transmutation/Earth          4
   f - Irradiate                      Conjuration/Transmutation    5
 y - Wukuese's Tome of Transmigration
   (Sif Muna gifted it to you on level 4 of the Lair of Beasts)

   Spells                             Type                      Level
   a - Beastly Appendage              Transmutation                1
   b - Sticks to Snakes               Transmutation                2
   c - Ignite Poison                  Fire/Transmutation/Poison    3
   d - Statue Form                    Transmutation/Earth          6
   e - Dragon Form                    Transmutation                7
 z - a Fen Folio

   Spells                             Type                      Level
   a - Corpse Rot                     Necromancy                   2
   b - Stone Arrow                    Conjuration/Earth            3
   c - Leda's Liquefaction            Hexes/Earth                  4
   d - Summon Forest                  Summoning/Translocation      5
   e - Hydra Form                     Transmutation                6
   f - Summon Hydra                   Summoning                    7
 K - a book of Necromancy

   Spells                             Type                      Level
   a - Pain                           Necromancy                   1
   b - Animate Skeleton               Necromancy                   1
   c - Vampiric Draining              Necromancy                   3
   d - Regeneration                   Charms/Necromancy            3
   e - Animate Dead                   Necromancy                   4
   f - Control Undead                 Necromancy                   4
 M - a book of Unlife

   Spells                             Type                      Level
   a - Recall                         Summoning/Translocation      3
   b - Animate Dead                   Necromancy                   4
   c - Control Undead                 Necromancy                   4
   d - Cigotuvi's Embrace             Necromancy                   5
   e - Death Channel                  Necromancy                   6
   f - Simulacrum                     Ice/Necromancy               6
 R - a book of Dreams

   Spells                             Type                      Level
   a - Ensorcelled Hibernation        Hexes/Ice                    2
   b - Phase Shift                    Translocation                5
   c - Shadow Creatures               Summoning                    5
   d - Silence                        Hexes/Air                    5
   e - Darkness                       Hexes                        6
   f - Mass Confusion                 Hexes                        6
 U - Qazaikli's Incunabulum of Creation
   (Sif Muna gifted it to you on level 13 of the Dungeon)

   Spells                             Type                      Level
   a - Call Imp                       Summoning                    2
   b - Shadow Creatures               Summoning                    5
   c - Summon Hydra                   Summoning                    7
Miscellaneous
 I - a stone of tremors
Comestibles
 c - 9 meat rations
 d - 10 beef jerkies
 l - 2 royal jellies
 C - a slice of pizza


   Skills:
 + Level 7.2 Fighting
 + Level 12.3 Dodging
 + Level 8.6 Stealth
 + Level 12.6 Unarmed Combat
 + Level 13.0 Spellcasting
 + Level 5.3 Hexes
 + Level 3.6 Charms
 + Level 4.0 Summonings
 + Level 1.3 Necromancy
 * Level 13.0 Transmutations
 * Level 10.0 Ice Magic
   Level 2.5 Poison Magic
 + Level 1.2 Invocations
 + Level 1.3 Evocations


You had 5 spell levels left.
You knew the following spells:

 Your Spells              Type           Power        Failure   Level  Hunger
a - Ice Form              Ice/Trmt       ######..     1%          4    None
b - Condensation Shield   Ice            ######....   1%          4    None
c - Blade Hands           Trmt           ######....   1%          5    ####...
d - Ensorcelled Hibernat  Hex/Ice        #####.       1%          2    None
e - Summon Ice Beast      Ice/Summ       #####...     3%          4    None
f - Hydra Form            Trmt           ######....   4%          6    #####..
g - Regeneration          Chrm/Necr      ###.......   8%          3    None
h - Summon Mana Viper     Hex/Summ       ####....     24%         5    ####...


Dungeon Overview and Level Annotations

Branches:
Dungeon (14/15)            Temple (1/1) D:6            Lair (8/8) D:9
  Swamp (1/4) Lair:6        Snake (0/4) Lair:6        Slime (0/6) Lair:7
    Orc (2/2) D:9             Elf (0/3) Orc:2        Vaults (0/5) D:13

Altars:
Ashenzari
Cheibriados
Dithmenos
Elyvilon
Fedhas
Gozag
Kikubaaqudgha
Makhleb
Nemelex Xobeh
Okawaru
Pakellas
Qazlal
Ru
Sif Muna
Trog
Vehumet
Xom
Yredelemnul
Zin
The Shining One
Jiyva

Shops:
D:4 %**   D:9 ([   Orc:2 [}(*


Innate Abilities, Weirdness & Mutations

You cannot wear armour.
You are incapable of wielding weapons or throwing items.
((You have sharp claws.))
((You have razor-sharp teeth.))
You have supernaturally acute eyesight.
You are carnivorous and can eat meat at any time.
((You cover ground quickly.))
((Your thick and shaggy fur keeps you warm (AC +3, rC+).))
You have a slow metabolism.
((Your sharp claws are effective at attacking unaware monsters.))


Message History

The vampire mosquito is almost destroyed.
You nip at the vampire mosquito but do no damage.
The vampire mosquito is severely damaged.
You gouge the vampire mosquito!!
You destroy the vampire mosquito!
The vampire mosquito barely misses you. The vampire mosquito misses you.
You block the vampire mosquito's attack.
The spriggan rider hits you from afar with a spear!!
* * * LOW HITPOINT WARNING * * *
You chomp the vampire mosquito!!!
You destroy the vampire mosquito!
You nip at the vampire mosquito.
The vampire mosquito is almost destroyed.
You block the vampire mosquito's attack.
The spriggan rider completely misses you.
Unknown command.
The vampire mosquito misses you.
The vampire mosquito bites you but does no damage.
The spriggan rider hits you with a spear!!
You die...

≈≈≈.♣ ≈≈..
♣♣♣.≈≈. ≈≈≈.♣♣♣♣≈
...$. ≈≈.......
...♣ ≈..).≈...
..♣♣
≈....≈≈.♣♣...♣♣
≈..≈≈≈≈.≈.≈...♣♣
.≈≈.≈≈i†.<≈♣...♣
≈≈≈..≈.D.....≈.≈♣
♣♣....†y♣♣..≈≈≈.♣
♣♣♣..§.. .≈≈≈≈..
♣.≈≈≈≈≈..≈≈....
♣.≈≈≈≈≈....♣♣≈≈
♣.......≈..≈ .
♣♣♣......♣.≈♣
♣..♣♣≈♣♣♣♣


You could see a spriggan rider and a vampire mosquito.

Vanquished Creatures
  Gastronok (D:9)
  A stone giant (Orc:2)
  Nessos (Lair:7)
  A minotaur (Lab)
  A fire dragon (D:13)
  Josephine (Lair:4)
  A vault guard (D:13)
  12 hydras
  Fannar (Lair:2)
  2 catoblepae
  3 centaur warriors (D:13)
  A deep troll shaman (Lair:8)
  5 orc high priests (Orc:2)
  The ghost of zkyp the Unseen, a journeyman SpAs of Gozag (D:10)
  23 death yaks
  Sonja (Lair:2)
  3 unseen horrors
  An unseen horror (shapeshifter) (D:14)
  3 hill giants
  An orc sorcerer (Orc:1)
  7 orc knights
  A griffon (Lair:4)
  4 cyclopes
  3 ugly things
  2 manticores
  Maurice (D:9)
  6 black mambas
  10 spiny frogs
  20 elephants
  A gargoyle (D:12)
  4 komodo dragons
  A kobold demonologist (D:13)
  4 fire drakes
  2 trolls
  Prince Ribbit (D:9)
  7 polar bears
  10 blink frogs
  9 slime creatures (D:14)
  4 two-headed ogres
  3 wyverns
  A vampire (D:13)
  A shadow (D:12)
  A trapdoor spider (D:12)
  6 wraiths
  37 yaks
  A basilisk (Lair:6)
  12 vampire mosquitoes
  12 hippogriffs
  A hungry ghost (D:12)
  9 wolves
  A mottled dragon (D:12)
  A warg (Orc:2)
  A soldier ant (D:12)
  10 porcupines
  11 water moccasins
  5 black bears
  10 ogres
  10 centaurs
  3 phantoms
  32 orc warriors
  A wasp (D:13)
  3 necrophages
  2 ice beasts (D:5)
  A sky beast (D:6)
  17 crocodiles
  An eye of draining (D:9)
  A big kobold (D:9)
  14 giant frogs
  8 scorpions
  20 killer bees
  9 wights
  A quasit (D:5)
  An electric eel (Lair:6)
  3 crimson imps
  A giant frog skeleton (D:6)
  A giant frog zombie (D:12)
  3 centaur skeletons
  2 centaur zombies
  4 hounds
  20 orc priests
  14 orc wizards
  9 iguanas
  16 worker ants
  7 sheep (Lair:8)
  A hound zombie (D:5)
  2 hound skeletons
  9 adders
  11 gnolls
  103 river rats
  2 shadow imps
  An ooze (D:1)
  3 adder skeletons
  5 worms
  7 giant geckos
  101 orcs
  3 giant cockroaches
  5 hobgoblins
  9 jackals
  11 kobolds
  4 quokkas
  12 bats
  5 giant newts
  9 goblins
  A quokka skeleton (D:8)
  20 rats
  6 fungi
  2 plants (Lair:8)
820 creatures vanquished.

Vanquished Creatures (collateral kills)
  Rupert (Orc:2)
  An orc high priest (Orc:2)
  2 orc knights (Orc:2)
  3 elephants (Lair:8)
  A komodo dragon (Lair:8)
  A trapdoor spider zombie (D:14)
  3 blink frogs
  6 yaks
  A hippogriff (Lair:8)
  3 water moccasins
  2 porcupines (Lair:2)
  An ogre (Orc:2)
  2 orc warriors (Orc:2)
  A giant frog (D:8)
  An orc priest (Orc:2)
  2 river rats (Lair:6)
  8 orcs
  2 hobgoblins (Orc:1)
41 creatures vanquished.

Vanquished Creatures (others)
  2 bushes (Lair:8)
  44 fungi
  26 plants
72 creatures vanquished.

Grand Total: 933 creatures vanquished

Notes
Turn   | Place    | Note
--------------------------------------------------------------
     0 | D:1      | dvd the Felid Transmuter began the quest for the Orb.
     0 | D:1      | Reached XP level 1. HP: 9/9 MP: 4/4
   178 | D:1      | Reached XP level 2. HP: 5/12 MP: 4/6
   512 | D:1      | Found a shattered altar of Ashenzari.
  1030 | D:2      | Reached skill level 1 in Stealth
  1221 | D:2      | Reached XP level 3. HP: 15/15 MP: 5/7
  1398 | D:2      | Learned a level 3 spell: Spider Form
  1840 | D:3      | Reached XP level 4. HP: 17/19 MP: 6/9
  2544 | D:3      | Reached XP level 5. HP: 22/22 MP: 1/10
  2694 | D:4      | Found Diczookk's General Store.
  2881 | D:4      | Reached skill level 4 in Dodging
  2914 | D:4      | Bought a potion of heal wounds for 50 gold pieces
  3087 | D:4      | Noticed a phantom
  3094 | D:4      | Gained mutation: You are covered in thick fur (AC +2). [Felid growth]
  3094 | D:4      | Reached XP level 6. HP: 24/26 MP: 8/12
  3172 | D:4      | Learned a level 4 spell: Ice Form
  3178 | D:4      | Learned a level 5 spell: Blade Hands
  3270 | D:4      | Found Wukkidayt's General Store.
  3521 | D:4      | Found Gellaenn's Food Boutique.
  3721 | D:4      | Reached skill level 5 in Dodging
  3721 | D:4      | Reached XP level 7. HP: 28/30 MP: 13/13
  3848 | D:5      | Entered Level 5 of the Dungeon
  3869 | D:5      | Reached skill level 1 in Ice Magic
  3935 | D:5      | Reached skill level 1 in Poison Magic
  4117 | D:5      | Reached skill level 5 in Unarmed Combat
  4433 | D:5      | Reached XP level 8. HP: 34/34 MP: 12/15
  4764 | D:5      | Reached skill level 6 in Dodging
  4815 | D:5      | Found a radiant altar of Vehumet.
  5127 | D:6      | Found a shadowy altar of Dithmenos.
  5534 | D:6      | Reached skill level 5 in Transmutations
  5537 | D:6      | Found a staircase to the Ecumenical Temple.
  5598 | Temple   | Entered the Ecumenical Temple
  5677 | Temple   | Became a worshipper of Sif Muna the Loreminder
  5936 | D:6      | Reached skill level 5 in Spellcasting
  6231 | D:7      | Reached XP level 9. HP: 37/37 MP: 14/17
  6490 | D:7      | Reached skill level 7 in Dodging
  6497 | D:7      | Reached * piety under Sif Muna
  7159 | D:8      | Learned a level 2 spell: Call Imp
  7982 | D:9      | Found a basalt altar of Yredelemnul.
  8052 | D:9      | Noticed Gastronok
  8068 | D:9      | Killed Gastronok
  8068 | D:9      | Reached ** piety under Sif Muna
  8068 | D:9      | Reached skill level 8 in Dodging
  8068 | D:9      | Reached XP level 10. HP: 39/42 MP: 18/20
  8208 | D:9      | Found a sacrificial altar of Ru.
  8209 | D:9      | Found an ancient bone altar of Kikubaaqudgha.
  8252 | D:9      | Found an oddly glowing altar of Pakellas.
  8264 | D:9      | Found a shimmering altar of Xom.
  8273 | D:9      | Found a blossoming altar of Fedhas.
  8282 | D:9      | Found a shattered altar of Ashenzari.
  8408 | D:9      | Found a staircase to the Lair.
  8459 | D:9      | Noticed Prince Ribbit
  8462 | D:9      | Killed Prince Ribbit
  8524 | D:9      | Found Petwot's Weapon Shoppe.
  8524 | D:9      | Found a staircase to the Orcish Mines.
  8524 | D:9      | Found Hisyff's Armour Shoppe.
  8547 | D:9      | Reached skill level 9 in Dodging
  8554 | D:9      | Reached skill level 5 in Stealth
  8882 | D:9      | Noticed Maurice
  8893 | D:9      | Killed Maurice
  9187 | D:10     | Entered Level 10 of the Dungeon
  9235 | D:10     | Noticed a hill giant
  9250 | D:10     | Killed a hill giant
  9383 | D:10     | Reached *** piety under Sif Muna
  9383 | D:10     | Reached skill level 5 in Ice Magic
  9497 | D:10     | Noticed zkyp's ghost (journeyman SpAs)
  9516 | D:10     | Killed zkyp's ghost
  9516 | D:10     | Reached XP level 11. HP: 14/46 MP: 18/22
  9612 | D:10     | Learned a level 3 spell: Summon Guardian Golem
 10038 | Lair:1   | Entered Level 1 of the Lair of Beasts
 10049 | Lair:1   | Reached skill level 1 in Hexes
 11211 | Lair:1   | Reached **** piety under Sif Muna
 11290 | Lair:2   | Noticed a seven-headed hydra
 11409 | Lair:2   | Reached skill level 10 in Dodging
 11461 | Lair:2   | Noticed Fannar
 11484 | Lair:2   | Killed Fannar
 11747 | Lair:2   | Noticed Sonja
 11761 | Lair:2   | Killed Sonja
 11768 | Lair:2   | Reached skill level 1 in Summonings
 11987 | Lair:2   | Noticed a six-headed hydra
 12028 | Lair:2   | Killed a six-headed hydra
 12028 | Lair:2   | Reached ***** piety under Sif Muna
 12048 | Lair:2   | Killed a seven-headed hydra
 12048 | Lair:2   | Reached skill level 5 in Hexes
 12089 | Lair:2   | Gained mutation: Your thick and shaggy fur keeps you warm (AC +3, rC+). [Felid growth]
 12089 | Lair:2   | Reached XP level 12. HP: 45/51 MP: 19/25
 12427 | Lair:3   | Found a labyrinth entrance.
 12436 | Lab      | Entered a labyrinth
 12801 | Lab      | Noticed a minotaur
 12843 | Lab      | Slain by a minotaur
 12844 | Lab      | Reached XP level 11. HP: -3/46 MP: 20/24
 13056 | Lab      | Killed a minotaur
 13127 | Lab      | Got a crude ivory ring
 13546 | Lair:3   | Reached skill level 5 in Fighting
 13549 | Lair:3   | Reached skill level 1 in Evocations
 13674 | Lair:3   | Learned a level 6 spell: Hydra Form
 13680 | Lair:3   | Identified the ring of the King {MP+9 Str+5 Int+2 Dex+3} (You found it in a labyrinth)
 14032 | Lair:4   | Noticed Josephine
 14250 | Lair:4   | Reached skill level 10 in Unarmed Combat
 14351 | Lair:4   | Killed Josephine
 14355 | Lair:4   | Reached ****** piety under Sif Muna
 14355 | Lair:4   | Received a gift from Sif Muna
 14358 | Lair:4   | Identified Wukuese's Tome of Transmigration (Sif Muna gifted it to you on level 4 of the Lair of Beasts)
 14406 | Lair:4   | Learned a level 4 spell: Summon Ice Beast
 14452 | Lair:4   | Learned a level 3 spell: Regeneration
 14544 | Lair:4   | Reached XP level 12. HP: 40/51 MP: 19/26
 14554 | Lair:4   | Reached skill level 1 in Charms
 15476 | Lair:5   | Reached skill level 10 in Transmutations
 16189 | Lair:5   | Reached skill level 11 in Dodging
 16189 | Lair:5   | Reached skill level 10 in Spellcasting
 16348 | Lair:6   | Noticed a five-headed hydra
 16351 | Lair:6   | Found a staircase to the Swamp.
 16355 | Lair:6   | Killed a five-headed hydra
 16453 | Lair:6   | Found a staircase to the Snake Pit.
 16847 | Lair:6   | Noticed a six-headed hydra
 16855 | Lair:6   | Killed a six-headed hydra
 17116 | Lair:6   | Reached XP level 13. HP: 55/55 MP: 28/28
 17863 | Lair:7   | Noticed Nessos
 17896 | Lair:7   | Killed Nessos
 17944 | Lair:7   | Found a viscous altar of Jiyva.
 17944 | Lair:7   | Found a staircase to the Slime Pits.
 18308 | Lair:8   | Entered Level 8 of the Lair of Beasts
 18692 | Lair:7   | Received a gift from Sif Muna
 18707 | Lair:7   | Learned a level 5 spell: Summon Mana Viper
 19570 | Lair:8   | Learned a level 1 spell: Animate Skeleton
 19656 | Lair:7   | Slain by a black mamba
 19657 | Lair:7   | Reached XP level 12. HP: 0/62 MP: 19/37
 19883 | Lair:8   | Learned a level 2 spell: Ensorcelled Hibernation
 20742 | Orc:1    | Entered Level 1 of the Orcish Mines
 20896 | D:9      | Reached XP level 13. HP: 39/55 MP: 29/29
 21293 | Orc:2    | Entered Level 2 of the Orcish Mines
 21727 | Orc:2    | Found a staircase to the Elven Halls.
 22105 | Orc:2    | Noticed a stone giant
 22115 | Orc:2    | Killed a stone giant
 22212 | Orc:2    | Upgraded the game from 0.18-a0-912-g81d1dc4 to 0.18-a0-917-g8a3da5b
 22468 | Orc:2    | Noticed Rupert
 22814 | Orc:2    | Killed Rupert
 22814 | Orc:2    | Received a gift from Sif Muna
 22882 | Orc:2    | Learned a level 4 spell: Condensation Shield
 22963 | Orc:2    | Reached skill level 1 in Necromancy
 22978 | Orc:2    | Shot with a bolt of flame by an orc knight
 22979 | Orc:2    | Reached XP level 12. HP: -7/53 MP: 36/37
 23408 | Orc:2    | Found Zukiro's Armour Emporium.
 23408 | Orc:2    | Found Kemiunes's Gadget Emporium.
 23410 | Orc:2    | Found Poocyan's General Store.
 23410 | Orc:2    | Found Bupitolo's Weapon Shoppe.
 23690 | D:11     | Reached skill level 12 in Unarmed Combat
 23961 | D:11     | Noticed a six-headed hydra
 23966 | D:11     | Reached XP level 13. HP: 56/56 MP: 30/30
 24836 | D:12     | You fall through a shaft for 2 floors!
 25177 | D:14     | Found a sparkling altar of Nemelex Xobeh.
 25886 | D:13     | Received a gift from Sif Muna
 25887 | D:13     | Identified Qazaikli's Incunabulum of Creation (Sif Muna gifted it to you on level 13 of the Dungeon)
 25947 | D:13     | Found a gate to the Vaults.
 26467 | D:12     | Reached XP level 14. HP: 60/60 MP: 31/31
 27472 | Lair:8   | Slain by a yak
 27473 | Lair:8   | Reached XP level 13. HP: -3/57 MP: 23/39
 28033 | Lair:7   | Reached skill level 10 in Ice Magic
 28084 | Lair:7   | Reached skill level 1 in Invocations
 28329 | Lair:6   | Reached skill level 13 in Spellcasting
 28374 | Swamp:1  | Entered Level 1 of the Swamp
 28387 | Swamp:1  | Slain by a spriggan rider

Vault maps used:
D:1:      tarquinn_simple_flora_water_e, ashenzari_altar_1
D:2:      kennysheep_big_flooded_room, first_bread, minmay_close_crescents
D:4:      serial_shops, shop, kennysheep_mini,
          nicolae_shop_competitors_out_of_business, minmay_crystal_room
D:5:      lemuel_coloured_pillars_altar
D:6:      minmay_temple_entry_junction, grunt_dithmenos_smoke_and_mirrors
D:9:      nicolae_overflow_hidden_temple, grunt_temple_overflow_cloverleaf,
          gammafunk_temple_overflow_statue, grunt_lair_entry_orc_guard_hut,
          orc_david_3, uniq_maurice, uniq_gastronok, uniq_prince_ribbit1
D:13:     david_vaults_5
D:14:     nemelex_xobeh_ov_fountains_minmay
Temple:   circular_temple_12
Lair:2:   beast_lair_carwin_large_1, grunt_megastairs_4, uniq_sonja, uniq_fannar
Lair:3:   lab_entry_generic
Lair:4:   serial_bayou_shore_b, uniq_josephine
Lair:6:   swamp_mist_pool, dummy_snake_entry, lemuel_fruit_fields
Lair:7:   slime_altar_1, minivault_27, grunt_megastairs_3, uniq_nessos
Lair:8:   grunt_lair_end_beastmaster
Swamp:1:  evilmike_swamp_ruin_rubble_1
Orc:1:    cheibrodos_orc_bank, basic_altar, serial_shops, shop
Orc:2:    st_orc_pillars, uniq_rupert
Lab:      labyrinth_mini_lab

Action                   |  1- 3 |  4- 6 |  7- 9 | 10-12 | 13-15 || total
-------------------------+-------+-------+-------+-------+-------++-------
Melee: Unarmed           |   109 |   126 |   310 |   840 |   823 ||  2208
 Cast: Beastly Appendage |    22 |     2 |       |       |       ||    24
       Spider Form       |     3 |    18 |    32 |    22 |     1 ||    76
       Ice Form          |       |     1 |    15 |    34 |    11 ||    61
       Call Imp          |       |       |     4 |    12 |       ||    16
       Blade Hands       |       |       |     1 |    45 |    41 ||    87
       Summon Ice Beast  |       |       |       |    50 |    53 ||   103
       Regeneration      |       |       |       |    18 |    43 ||    61
       Condensation Shie |       |       |       |     6 |    42 ||    48
       Ensorcelled Hiber |       |       |       |     3 |    19 ||    22
       Hydra Form        |       |       |       |     2 |    39 ||    41
       Summon Mana Viper |       |       |       |     1 |     9 ||    10
       Animate Skeleton  |       |       |       |       |     7 ||     7
Invok: Channel Energy    |       |       |       |     3 |    16 ||    19
       Forget Spell      |       |       |       |       |     1 ||     1
 Abil: End Transformatio |       |       |       |     4 |    17 ||    21
Evoke: Wand              |       |       |       |    11 |     8 ||    19
  Use: Scroll            |     7 |     3 |     2 |    18 |    18 ||    48
       Potion            |       |     5 |     9 |     3 |    11 ||    28
 Stab: Sleeping          |     9 |     3 |     8 |    35 |    17 ||    72
       Distracted        |       |       |     1 |     2 |     3 ||     6
  Eat: Chunk             |    10 |     6 |    16 |    57 |    27 ||   116
